 Dungeon Sprint DCSS version 0.29-a0-717-g6dac4ea423 (webtiles) character file.

Game seed: 12842883022995876341

1193 mhtbhm the Unseen (level 8, 0/54 HPs)
             Began as a Vampire Enchanter on June 26, 2022.
             Was an Initiate of Dithmenos.
             Slain by a deep troll (6 damage)
             ... in the Dungeon (Sprint I: "Red Sonja").
             The game lasted 00:01:31 (279 turns).

mhtbhm the Unseen (Vampire Enchanter)                Turns: 279, Time: 00:01:31

Health: 0/54       AC:  6    Str:  7    XL:     8   Next: 20%
Magic:  14/17      EV: 14    Int: 17    God:    Dithmenos [......]
Gold:   702        SH:  0    Dex: 17    Spells: 8/19 levels left

rFire   . . .      SeeInvis +   a - +2 short sword (drain)
rCold   . . .      Faith    .   (no shield)
rNeg    . . .      Spirit   .   b - +3 leather armour {Will+}
rPois   .          Reflect  .   (no helmet)
rElec   .          Harm     .   (no cloak)
rCorr   .          Rampage  .   (no gloves)
Will    +....      NoTele   +   (no boots)
Stlth   +++++++...              (no amulet)
HPRegen 0.38/turn               (no ring)
MPRegen 0.15/turn               (no ring)

@: confusing by touch, healing quickly
A: alive, fangs 3, see invisible, vampiric 2
a: Exsanguinate, Renounce Religion


You were in the Dungeon.
You worshipped Dithmenos.
Dithmenos was noncommittal.
You visited 1 branch You collected 702 gold pieces.

Inventory:

Hand Weapons
 a - a +2 short sword of draining (weapon)
Armour
 b - a +3 leather armour of willpower (worn)
Wands
 j - a wand of acid (9)
Scrolls
 i - a scroll of blinking
Potions
 c - a potion of invisibility
 d - 4 potions of curing
 e - a potion of heal wounds
 f - a potion of haste
 g - 2 potions of magic
 h - a potion of berserk rage


   Skills:
 + Level 1.3 Fighting
 + Level 4.6 Short Blades
 + Level 1.4 Armour
 + Level 6.6 Dodging
 + Level 17.7 Stealth
 + Level 6.3 Spellcasting
 + Level 14.4 Hexes


You had 8 spell levels left.
You knew the following spells:

 Your Spells              Type           Power      Damage    Failure   Level
a - Confusing Touch       Hex            53%        N/A       1%          3
b - Tukima's Dance        Hex            53%        N/A       1%          3
c - Ensorcelled Hibernat  Hex/Ice        58%        N/A       1%          2
d - Dazzling Flash        Conj/Hex       58%        N/A       2%          3

Your spell library contained the following spells:

 Spells                   Type           Power      Damage    Failure   Level


Dungeon Overview and Level Annotations

Branches:
Dungeon (1/1)

Altars:
Cheibriados
Dithmenos
Elyvilon
Fedhas
Gozag
Hepliaklqana
Kikubaaqudgha
Makhleb
Nemelex Xobeh
Okawaru
Qazlal
Ru
Sif Muna
Trog
Uskayaw
Vehumet
Wu Jian
Xom
Yredelemnul
Zin
The Shining One
Jiyva
Lugonu

Shops:
D (*


Innate Abilities, Weirdness & Mutations

Your natural rate of healing is accelerated.
You have razor-sharp teeth.
You have supernaturally acute eyesight. (SInv)
You are afflicted with vampirism and can become a bat while bloodless.


Message History

You start resting.
You feel less confused.
Found 54 gold pieces.
You now have 540 gold pieces (gained 27).
d - 3 potions of curing (gained 1)
You now have 567 gold pieces (gained 27).
You now have 594 gold pieces (gained 27).
You now have 621 gold pieces (gained 27).
You see here 3 poisoned darts.
You see here a +0 mace.
You see here a +0 short sword.
You now have 648 gold pieces (gained 27).
You now have 675 gold pieces (gained 27).
You now have 702 gold pieces (gained 27).
d - 4 potions of curing (gained 1)
You start resting.
There is an open door here.
Things that are here:
a +1 dagger; 5 curare-tipped darts You start resting.
HP restored.
You open the door.
A deep troll comes into view.
Found 108 gold pieces.
There is an open door here.
You see here 27 gold pieces.
The deep troll shouts!
The deep troll bites you but does no damage.
The deep troll claws you! The deep troll claws you.
You see here 27 gold pieces.
You barely miss the deep troll. The deep troll closely misses you.
The deep troll claws you. The deep troll claws you!
Cast which spell? (? or * to list)
Your hands begin to glow red.
The deep troll barely misses you. x2
The deep troll claws you.
You hit the deep troll but do no damage.
The deep troll bites you!!
* * * LOW HITPOINT WARNING * * *
The deep troll claws you.
You die...

#..#####'#####'#__####
#..####..#...#[####
#..#__####..##)#
#..#_____##'#_.+
#⌠⌠#_.∩..†'..._#
####_..__##_.#'#
#_____###'#.#
############.####+###
#∩........'...'$@T$$+
###++++####.).#######
###.### #.#'#.#
#.....# #.))(.#
#######


You could see a deep troll.

Vanquished Creatures
  Sonja (D)
  A slime creature (D)
  Sigmund (D)
  A yak (D)
  An ogre (D)
  A jelly (D)
  Ijyb (D)
  A ballistomycete spore (D)
8 creatures vanquished.

Vanquished Creatures (others)
  A ballistomycete spore (D)
1 creature vanquished.

Grand Total: 9 creatures vanquished

Notes
Turn   | Place    | Note
-------+----------+-------------------------------------------
     0 | D        | mhtbhm the Vampire Enchanter began the quest for the Orb.
     0 | D        | Reached XP level 1. HP: 13/13 MP: 3/3
     1 | D        | Noticed Ijyb
     6 | D        | Killed Ijyb
     7 | D        | Reached skill level 6 in Stealth
     7 | D        | Reached XP level 2. HP: 19/19 MP: 3/5
    22 | D        | Noticed an ogre
    26 | D        | Killed an ogre
    27 | D        | Reached skill level 9 in Stealth
    27 | D        | Gained mutation: You are afflicted with vampirism and can
                  | become a bat while bloodless. [Vampire growth]
    27 | D        | Reached XP level 3. HP: 24/24 MP: 5/8
    27 | D        | Reached XP level 4. HP: 30/30 MP: 5/9
    28 | D        | Noticed Sigmund
    37 | D        | Killed Sigmund
    38 | D        | Reached skill level 5 in Dodging
    38 | D        | Reached skill level 12 in Stealth
    38 | D        | Reached XP level 5. HP: 25/35 MP: 7/12
    38 | D        | Reached XP level 6. HP: 30/41 MP: 7/13
    42 | D        | Learned a level 3 spell: Confusing Touch
    46 | D        | Learned a level 3 spell: Tukima's Dance
    49 | D        | Learned a level 2 spell: Ensorcelled Hibernation
    53 | D        | Learned a level 3 spell: Dazzling Flash
    89 | D        | Found an ornate altar of the Wu Jian Council.
    89 | D        | Found a shimmering blue altar of Sif Muna.
    91 | D        | Found a radiant altar of Vehumet.
    97 | D        | Found Judghi's General Store.
    97 | D        | Found an ancient bone altar of Kikubaaqudgha.
    97 | D        | Found a hazy altar of Hepliaklqana.
    97 | D        | Found a stormy altar of Qazlal.
    97 | D        | Found a hide-covered altar of Uskayaw.
    97 | D        | Found a blossoming altar of Fedhas.
    97 | D        | Found a bloodstained altar of Trog.
    97 | D        | Found an iron altar of Okawaru.
    97 | D        | Found a basalt altar of Yredelemnul.
    97 | D        | Found a snail-covered altar of Cheibriados.
    97 | D        | Found a sacrificial altar of Ru.
    97 | D        | Found a shadowy altar of Dithmenos.
    97 | D        | Noticed a yak
    98 | D        | Found an opulent altar of Gozag.
    99 | D        | Killed a yak
   100 | D        | Reached skill level 14 in Stealth
   100 | D        | Reached skill level 5 in Spellcasting
   100 | D        | Found a sparkling altar of Nemelex Xobeh.
   106 | D        | Became a worshipper of Dithmenos the Shadowed
   148 | D        | Found a burning altar of Makhleb.
   148 | D        | Found a viscous altar of Jiyva.
   148 | D        | Found a shimmering altar of Xom.
   148 | D        | Found a corrupted altar of Lugonu.
   148 | D        | Noticed a slime creature
   151 | D        | Killed a slime creature
   152 | D        | Reached skill level 1 in Armour
   152 | D        | Reached skill level 15 in Stealth
   152 | D        | Reached XP level 7. HP: 47/47 MP: 13/15
   174 | D        | Noticed Sonja
   178 | D        | Killed Sonja
   179 | D        | Reached skill level 1 in Fighting
   179 | D        | Reached skill level 17 in Stealth
   179 | D        | Reached XP level 8. HP: 54/54 MP: 15/17
   196 | D        | Found Keotraos's Antique Weapon Boutique.
   273 | D        | Noticed a deep troll
   279 | D        | Slain by a deep troll

Illustrated notes

Levels and vault maps discovered:
D:        dungeon_sprint_1 [red_sonja_temple_1, red_sonja_temple_small_1]

Skill      XL: |  1  2  3  4  5  6  7 |
---------------+----------------------+-----
Stealth        | 6 9 12 15 17 | 17.7
Hexes          | 6 9 11 13 14 | 14.4
Dodging        | 4 5 6 |  6.6
Spellcasting   | 3 4 5 6 |  6.3
Short Blades   | 2 3 4 |  4.6
Armour         | 1 |  1.4
Fighting       | 1 |  1.3

Action                   |  1- 3 |  4- 6 |  7- 9 || total
-------------------------+-------+-------+-------++-------
Melee: Dagger            |     4 |    10 |     1 ||    15
       Bite              |     1 |     1 |       ||     2
       Short sword       |       |       |     3 ||     3
 Cast: Confusing Touch   |       |       |     1 ||     1
  Use: Potion            |     1 |       |       ||     1
 Stab: Sleeping          |     2 |     3 |     2 ||     7
       Invisible         |     1 |     2 |       ||     3
Armor: Robe              |     1 |       |       ||     1
       Leather armour    |       |       |     1 ||     1
Dodge: Dodged            |     1 |     2 |     3 ||     6

Table legend: (Time is in decaauts)
 A = Elapsed time spent in this place.
 B = Non-inter-level travel time spent in this place.
 C = Inter-level travel time spent in this place.
 D = Time resting spent in this place.
 E = Time spent auto-exploring this place.
 F = Levels seen in this place.
 G = Mean time per level.
                   A        B        C        D        E       F      G
               +--------+--------+--------+--------+--------+-----+--------+
         Total |    276 |    276 |      0 |     32 |      1 |   1 |  276.0 |
       Dungeon |    276 |    276 |      0 |     32 |      1 |   1 |  276.0 |
               +--------+--------+--------+--------+--------+-----+--------+

Top non-repeatable levels by time:
       D: 276 daAuts
